 Dungeon Crawl Stone Soup version 0.24.0-123-gd5b16e6ec5 (webtiles) character file.

Game seed: 12651193618413512729, levelgen mode: deterministic

41 Descartes the Ducker (level 3, -2/17 HPs)
             Began as a Felid Monk on Dec 29, 2019.
             Slain by an adder (4 damage)
             ... on level 2 of the Dungeon.
             The game lasted 00:02:41 (1667 turns).

Descartes the Ducker (Felid Monk)                   Turns: 1667, Time: 00:02:42

Health: -2/17      AC:  1    Str:  8    XL:     3   Next: 32%
Magic:  4/4        EV: 20    Int: 11    God:
Gold:   58         SH:  0    Dex: 18    Spells: 2/2 levels left
                                        Lives:  0   Deaths: 0

rFire    . . .     SeeInvis +     - Unarmed
rCold    . . .     Gourm    .   (shield unavailable)
rNeg     . . .     Faith    .   (armour unavailable)
rPois    .         Spirit   .   (helmet unavailable)
rElec    .         Reflect  .   (cloak unavailable)
rCorr    .         Harm     .   (gloves unavailable)
MR       .....                  (boots unavailable)
Stlth    +++.......             (no amulet)
HPRegen  0.05/turn              (no ring)
MPRegen  0.09/turn              (no ring)

@: lethally poisoned (-2 -> -11), quick
A: very small, no armour, no weapons or thrown items, stealth, claws 1, fangs 3,
see invisible, carnivore, speed 1, shaggy fur 1, slow metabolism 1, sharp paws
a: no special abilities


You were on level 2 of the Dungeon.
You were completely stuffed.

You visited 1 branch of the dungeon, and saw 2 of its levels.

You collected 58 gold pieces.

Inventory:

Missiles
 f - 5 stones
 h - 24 arrows
Scrolls
 c - a scroll of random uselessness {unknown}
 g - 2 scrolls of identify {unknown}
 j - a scroll of remove curse {unknown}
Potions
 b - a potion of agility {unknown}
 d - a potion of curing {unknown}
 e - a potion of lignification {unknown}
 k - a potion of might {unknown}
Comestibles
 a - 2 rations
 i - 3 chunks of flesh


   Skills:
 + Level 3.2 Fighting
 + Level 4.4 Dodging
 * Level 3.6 Stealth
 * Level 3.6 Unarmed Combat


You had 2 spell levels left.
You didn't know any spells.
Your spell library was empty.

Dungeon Overview and Level Annotations

Branches:
Dungeon (2/15)

Altars:


Innate Abilities, Weirdness & Mutations

You cannot wear armour.
You are incapable of wielding weapons or throwing items.
Your paws allow you to move quietly. (Stealth)
You have sharp claws.
You have razor-sharp teeth.
You have supernaturally acute eyesight. (SInv)
You are carnivorous and can eat meat at any time.
You cover ground quickly.
You are covered in fur. (AC +1)
You have a slow metabolism.
Your sharp claws are effective at attacking unaware monsters.


Message History

The adder poisons you!
You scratch the adder.
The adder is severely wounded.
You feel sick. The adder bites you.
* * * LOW HITPOINT WARNING * * *
You are lethally poisoned!
The adder poisons you!
You closely miss the adder.
The adder is severely wounded.
The adder bites you.
* * * LOW HITPOINT WARNING * * *
You barely miss the adder.
The adder is severely wounded.
* * * LOW HITPOINT WARNING * * *
You feel sick. The adder bites you.
* * * LOW HITPOINT WARNING * * *
You closely miss the adder.
The adder is severely wounded.
The adder bites you.
You die...

##.## #.
#...# #.
#.#.# .#.#.
#...# .....
###.# .#.##
#.# # #.# #.#
#@# #S# #K#
##K####.##
#.g......#
#.#####.####.
#.#####.. ...
#.#.....#...
#...### ..# #


You could see an adder, a goblin and 2 kobolds.

Vanquished Creatures
  A dart slug (D:1)
  2 leopard geckos (D:2)
  2 bats (D:1)
  4 giant cockroaches (D:1)
  4 goblins
  6 hobgoblins (D:1)
  2 jackals (D:1)
  3 kobolds (D:1)
  A frilled lizard (D:1)
  6 rats
31 creatures vanquished.

Notes
Turn   | Place    | Note
-------+----------+-------------------------------------------
     0 | D:1      | Descartes the Felid Monk began the quest for the Orb.
     0 | D:1      | Reached XP level 1. HP: 10/10 MP: 2/2
   385 | D:1      | Reached XP level 2. HP: 14/14 MP: 3/3
  1246 | D:1      | Reached XP level 3. HP: 16/17 MP: 4/4
  1667 | D:2      | Slain by an adder

Levels and vault maps discovered:
D:1:      elethiomel_arrival_maze, layout_basic, minmay_hedge_maze,
          minmay_pentomino_u2
D:2:      layout_loops_cross, kiku_gazebo_garden_becter, minmay_three_crescents

Skill      XL: |  1 |
---------------+----+-----
Stealth        | 3 |  3.6
Fighting       | |  3.2
Dodging        | |  4.4
Unarmed Combat | |  3.6

Action                   || total
-------------------------++-------
Melee: Unarmed           ||    82
       Bite              ||     6
       Punch             ||     2
 Stab: Sleeping          ||    10
  Eat: Chunk             ||     9
Armor: Skin              ||     2
Dodge: Dodged            ||    59
